 Dungeon Crawl Stone Soup version 0.29-a0-664-gff9cad4a3d (webtiles) character file.

Game seed: 12648050364927401297

3686 vineage the Fighter (level 9, -6/70 HPs)
             Began as a Demonspawn Gladiator on June 22, 2022.
             Was an Initiate of Okawaru.
             Mangled by a water moccasin (7 damage)
             ... on level 8 of the Dungeon.
             The game lasted 00:08:56 (8355 turns).

vineage the Fighter (Demonspawn Gladiator)          Turns: 8355, Time: 00:08:59

Health: -6/70      AC: 12    Str: 19    XL:     9   Next: 90%
Magic:  9/9        EV: 14    Int:  6    God:    Okawaru [......]
Gold:   93         SH:  0    Dex: 16    Spells: 8/8 levels left

rFire   . . .      SeeInvis .     - Unarmed
rCold   . . .      Faith    .   (no shield)
rNeg    + . .      Spirit   .   x - +1 leather armour "Lidghypp" {rN+ Will+ Str+2 Int-4}
rPois   .          Reflect  .   n - +2 helmet
rElec   .          Harm     .   (no cloak)
rCorr   .          Rampage  .   (no gloves)
Will    +....                   (no boots)
Stlth   +.........              (no amulet)
HPRegen 0.21/turn               (no ring)
MPRegen 0.11/turn               (no ring)

@: sanguine armoured
A: claws 2, icemail 1, sanguine armour 1, condensation shield, deformed body,
frail 1, sturdy frame 1, devolution 1
a: Renounce Religion


You were on level 8 of the Dungeon.
You worshipped Okawaru.
Okawaru was noncommittal.
You visited 2 branches of the dungeon, and saw 9 of its levels.

You collected 429 gold pieces.
You spent 336 gold pieces at shops.

Inventory:

Missiles
 d - 3 throwing nets (quivered)
 e - 6 javelins
Armour
 a - a +0 plate armour
 b - a +0 leather armour
 c - a +0 helmet
 n - a +2 helmet (worn)
 s - a +3 leather armour of poison resistance
 u - a +0 cloak
 x - the +1 leather armour "Lidghypp" (worn) {rN+ Will+ Str+2 Int-4}
   (You bought it in a shop on level 2 of the Dungeon)

   Str:       It affects your strength (+2).
   Int:       It affects your intelligence (-4).
   rN:        It protects you from negative energy.
   Will:      It increases your willpower.
 G - the +1 leather armour of Garintaock {Dex+2}
   (You bought it in a shop on level 2 of the Dungeon)

   Dex:       It affects your dexterity (+2).
Jewellery
 h - a ring of positive energy
 v - an amulet of the acrobat
 I - a ring of magical power
Wands
 j - a wand of quicksilver (3)
 o - a wand of polymorph (6)
 y - a wand of iceblast (24)
 F - a wand of flame (16)
Scrolls
 f - 4 scrolls of enchant weapon
 m - a scroll of immolation
 q - a scroll of noise
 r - a scroll of poison
 w - a scroll of enchant armour
 z - a scroll of magic mapping {unknown}
 A - 2 scrolls of teleportation {unknown}
 C - a scroll of torment {unknown}
 E - a scroll of amnesia
Potions
 g - 2 potions of haste
 i - 2 potions of attraction
 k - a potion of resistance
 l - 2 potions of cancellation
 p - 3 potions of invisibility
 t - 3 potions of curing
 B - a potion of might {unknown}
 H - a potion of heal wounds {unknown}


   Skills:
 * Level 9.8 Fighting
 - Level 2.6 Maces & Flails
 - Level 1.7 Throwing
 + Level 4.1 Armour
 + Level 5.1 Dodging
 + Level 7.2 Unarmed Combat


You had 8 spell levels left.
You didn't know any spells.
Your spell library contained the following spells:

 Spells                   Type           Power      Damage    Failure   Level
 Ensorcelled Hibernation  Hex/Ice        0%         N/A       61%         2
 Passwall                 Tmut/Erth      0%         N/A       61%         2
 Poisonous Vapours        Pois/Air       0%         N/A       61%         2
 Conjure Flame            Conj/Fire      0%         6-21      83%         3
 Ignite Poison            Fire/Tmut/Pois 0%         N/A       83%         3
 Swiftness                Air            0%         N/A       83%         3
 Corpse Rot               Necr/Pois/Air  0%         N/A       99%         4
 Sticky Flame             Conj/Fire      0%         2d3       99%         4
 Summon Small Mammal      Summ           Unusable   N/A       N/A         1
 Call Canine Familiar     Summ           Unusable   N/A       N/A         3
 Summon Guardian Golem    Hex/Summ       Unusable   N/A       N/A         3

Dungeon Overview and Level Annotations

Branches:
Dungeon (8/15)             Temple (1/1) D:7
   Lair: D:8-11

Altars:
Dithmenos
Elyvilon
Fedhas
Gozag
Hepliaklqana
Makhleb
Nemelex Xobeh
Okawaru
Qazlal
Ru
Uskayaw
Vehumet
Yredelemnul

Shops:
D:2 [


Innate Abilities, Weirdness & Mutations

You have very sharp fingernails.
A meltable icy envelope protects you from harm. (AC +0)
When seriously injured, your blood forms armour. (AC +6)
A meltable shield of frost defends you. (SH +0)
Armour fits poorly on your strangely shaped body.
You are frail. (-10% HP)
Your movements are slightly less encumbered by armour. (ER -2)
You have hidden genetic defects.


Message History

You are too injured to fight recklessly!
You scratch the steam dragon.
The steam dragon is heavily wounded.
You are engulfed in a cloud of scalding steam.
The water moccasin closely misses you. The steam dragon barely misses you.
The steam dragon claws you but does no damage.
The water moccasin is engulfed in a cloud of scalding steam.
The water moccasin misses you.
You barely miss the steam dragon.
The steam dragon is heavily wounded.
You are engulfed in a cloud of scalding steam.
The steam dragon closely misses you.
The steam dragon claws you but does no damage.
The water moccasin is engulfed in a cloud of scalding steam.
The water moccasin bites you but does no damage.
You barely miss the steam dragon.
The steam dragon is heavily wounded.
You are engulfed in a cloud of scalding steam.
The water moccasin bites you but does no damage.
The steam dragon bites you. The steam dragon closely misses you.
You scratch the steam dragon.
The steam dragon is heavily wounded.
The water moccasin bites you. The steam dragon breathes steam at you.
The ball of steam hits you!!
* * * LOW HITPOINT WARNING * * *
You scratch the steam dragon but do no damage.
The steam dragon is heavily wounded.
You are engulfed in a cloud of scalding steam.
The water moccasin is engulfed in a cloud of scalding steam.
The water moccasin bites you.
* * * LOW HITPOINT WARNING * * *
You claw the steam dragon!
You kill the steam dragon!
Okawaru accepts your kill.
You are engulfed in a cloud of scalding steam.
* * * LOW HITPOINT WARNING * * *
The water moccasin is engulfed in a cloud of scalding steam.
The water moccasin bites you!
You die...

#...........
#...........
#...........
###...........
#............. ##
#........ ... #.
###......# .... ##..
#......§@#..... #...
##..###.§S..# #..#
#.#..§§..##
##..#####)#.......#
#....##.......§§..#
.##....#...#....§......
............)......<..#
.......<####.........##
......................#


You could see a water moccasin.

Vanquished Creatures
  Grinder (D:4)
  Sigmund (D:2)
  A steam dragon (D:8)
  Edmund (D:4)
  A black bear (D:5)
  3 ice beasts
  2 ogres (D:5)
  4 sky beasts
  2 centaurs (D:7)
  3 phantoms
  A kobold brigand (D:7)
  2 bullfrogs
  2 scorpions
  Blork the orc (D:4)
  A gnoll sergeant (D:7)
  A necrophage (D:6)
  12 wights
  2 howler monkeys (D:7)
  2 hounds (D:5)
  A gnoll shaman (D:7)
  3 orc priests
  3 iron imps (D:7)
  2 jellies (D:7)
  Jessica (D:3)
  2 orc wizards (D:7)
  Ijyb (D:3)
  5 iguanas
  6 adders
  3 gnolls (D:7)
  2 shadow imps
  2 white imps (D:7)
  2 worms
  4 dart slugs
  10 orcs
  10 ball pythons
  7 endoplasms
  A giant cockroach (D:4)
  9 goblins
  4 hobgoblins
  3 jackals (D:5)
  6 quokkas
  8 bats
  A frilled lizard (D:3)
  12 kobolds
  5 rats
156 creatures vanquished.

Notes
Turn   | Place    | Note
-------+----------+-------------------------------------------
     0 | D:1      | vineage the Demonspawn Gladiator began the quest for the
                  | Orb.
     0 | D:1      | Reached XP level 1. HP: 16/16 MP: 1/1
   159 | D:1      | Gained mutation: You have sharp fingernails. [demonic
                  | ancestry]
   159 | D:1      | Reached XP level 2. HP: 16/23 MP: 2/2
   267 | D:1      | Reached skill level 3 in Fighting
   509 | D:1      | Found a faded altar of an unknown god.
   789 | D:1      | Reached skill level 1 in Unarmed Combat
   789 | D:1      | Gained mutation: A meltable shield of frost defends you.
                  | (SH +0) [demonic ancestry]
   789 | D:1      | Reached XP level 3. HP: 29/29 MP: 3/3
  1471 | D:2      | Found Voalual's Antique Armour Shoppe.
  1672 | D:2      | Noticed Sigmund
  1692 | D:2      | Killed Sigmund
  1693 | D:2      | Reached skill level 4 in Fighting
  1693 | D:2      | Reached XP level 4. HP: 18/38 MP: 4/4
  1693 | D:2      | Gained mutation: You have very sharp fingernails. [demonic
                  | ancestry]
  1693 | D:2      | Reached XP level 5. HP: 21/43 MP: 5/5
  2319 | D:3      | Noticed Jessica
  2322 | D:3      | Killed Jessica
  2343 | D:3      | Noticed Ijyb
  2356 | D:3      | Killed Ijyb
  2357 | D:3      | Reached XP level 6. HP: 34/50 MP: 6/6
  2486 | D:3      | Reached skill level 5 in Fighting
  2498 | D:3      | Found a radiant altar of Vehumet.
  3395 | D:4      | Noticed Grinder
  3401 | D:4      | Paralysed by Grinder for 5 turns
  3413 | D:4      | Killed Grinder
  3414 | D:4      | Gained mutation: When seriously injured, your blood forms
                  | armour. (AC +6) [demonic ancestry]
  3414 | D:4      | Reached XP level 7. HP: 57/57 MP: 7/7
  3541 | D:4      | Noticed Blork the orc
  3554 | D:4      | Killed Blork the orc
  3807 | D:4      | Reached skill level 6 in Fighting
  4198 | D:4      | Noticed Edmund
  4216 | D:4      | Killed Edmund
  4344 | D:5      | Entered Level 5 of the Dungeon
  4354 | D:5      | Reached skill level 5 in Unarmed Combat
  4626 | D:5      | Reached skill level 7 in Fighting
  4626 | D:5      | Reached XP level 8. HP: 25/67 MP: 8/8
  5207 | D:2      | Bought an ichor-stained leather armour for 168 gold pieces
  5207 | D:2      | Identified the +1 leather armour "Lidghypp" {rN+ Will+
                  | Str+2 Int-4} (You bought it in a shop on level 2 of the
                  | Dungeon)
  5260 | D:6      | Reached skill level 1 in Armour
  5572 | D:6      | Reached skill level 8 in Fighting
  6219 | D:2      | Bought a slimy leather armour for 168 gold pieces
  6219 | D:2      | Identified the +1 leather armour of Garintaock {Dex+2} (You
                  | bought it in a shop on level 2 of the Dungeon)
  6292 | D:7      | Gained mutation: A meltable icy envelope protects you from
                  | harm. (AC +0) [demonic ancestry]
  6292 | D:7      | Reached XP level 9. HP: 75/75 MP: 9/9
  6634 | D:7      | Reached skill level 9 in Fighting
  6978 | D:7      | HP: 1/76 [orc priest/divine providence (12)]
  7439 | D:7      | Gained mutation: Your movements are slightly less
                  | encumbered by armour. (ER -2) [potion of mutation]
  7454 | D:7      | Lost mutation: Your movements are slightly less encumbered
                  | by armour. (ER -2) [potion of mutation]
  7454 | D:7      | Gained mutation: You are clumsy. (Dex -2) [potion of
                  | mutation]
  7455 | D:7      | Lost mutation: You are clumsy. (Dex -2) [potion of
                  | mutation]
  7455 | D:7      | Gained mutation: You have hidden genetic defects. [potion
                  | of mutation]
  7455 | D:7      | Gained mutation: You are frail. (-10% HP) [potion of
                  | mutation]
  7455 | D:7      | Gained mutation: Your movements are slightly less
                  | encumbered by armour. (ER -2) [potion of mutation]
  7649 | D:7      | Reached skill level 5 in Dodging
  7852 | D:7      | Found a staircase to the Ecumenical Temple.
  7935 | Temple   | Entered the Ecumenical Temple
  8163 | Temple   | Became a worshipper of Warmaster Okawaru
  8231 | D:7      | Found a burning altar of Makhleb.
  8324 | D:8      | Gained mutation: Armour fits poorly on your strangely
                  | shaped body. [hidden defects]
  8344 | D:8      | Identified the +7 falchion "Efikuj" {vorpal, +Blink rF+++
                  | Int-3 Stlth-}
  8354 | D:8      | HP: 3/70 [water moccasin (5)]
  8355 | D:8      | HP: 1/70 [something (2)]
  8355 | D:8      | Mangled by a water moccasin

Illustrated notes

Levels and vault maps discovered:
D:1:      saegor_arrival_simple_d, layout_basic, serial_corexii_hall,
          chequers_hall_statues_wall_a, corexii_hall_statues_i,
          corexii_hall_statues_u, chequers_hall_statues_y,
          shapermc_ecumenical_altar_mp_highgroup, minmay_misc_feat_roman,
          chequers_decorated_corner, minmay_pentomino_q4
D:2:      layout_rooms, serial_curves, eino_curves_03, eino_curves_04,
          serial_shops, nicolae_diamond_shop, minmay_misc_feat_rows,
          chequers_serial_rivers_room_b, kennysheep_cross_room, minivault_25,
          item_on_display_a, uniq_sigmund
D:3:      layout_loops_ring, mainiacjoe_overflow_concentric_impassable,
          chequers_serial_rivers_small_3, uniq_ijyb, uniq_jessica
D:4:      layout_rooms, uniq_blork_the_orc, uniq_edmund, uniq_grinder
D:5:      layout_rooms
D:6:      layout_basic, mainiacjoe_overflow_alcove_1
D:7:      minmay_recursive_quarters, layout_basic, demons_altar,
          minmay_temple_entry_enclosed_plants
D:8:      layout_cave_pools, mainiacjoe_overflow_swirl, tgw_sif, serial_shops,
          nicolae_shop_statue_plus
Temple:   jpeg_temple_alley_garden

Skill      XL: |  1  2  3  4  5  6  7  8  9 |
---------------+----------------------------+-----
Fighting       | 3 4 5 7 8 9 |  9.8
Unarmed Combat | 1 3 4 5 6 7 |  7.2
Armour         | 2 4 |  4.1
Dodging        | 3 5 |  5.1
Maces & Flails | |  2.6
Throwing       | |  1.7

Action                   |  1- 3 |  4- 6 |  7- 9 || total
-------------------------+-------+-------+-------++-------
Melee: Flail             |    38 |       |       ||    38
       Punch             |     2 |     2 |    15 ||    19
       Unarmed           |   112 |    75 |   364 ||   551
  Use: Scroll            |       |    11 |     6 ||    17
       Potion            |       |       |     6 ||     6
 Stab: Sleeping          |       |       |     1 ||     1
Armor: Leather armour    |    16 |       |    94 ||   110
       Plate armour      |    54 |    33 |    15 ||   102
       Skin              |       |     1 |     2 ||     3
Dodge: Dodged            |    47 |    16 |   161 ||   224
Block: Other             |     9 |    12 |    50 ||    71

Table legend: (Time is in decaauts)
 A = Elapsed time spent in this place.
 B = Non-inter-level travel time spent in this place.
 C = Inter-level travel time spent in this place.
 D = Time resting spent in this place.
 E = Time spent auto-exploring this place.
 F = Levels seen in this place.
 G = Mean time per level.
                   A        B        C        D        E       F      G
               +--------+--------+--------+--------+--------+-----+--------+
         Total |   8335 |   7835 |    500 |    641 |   6030 |   9 |  926.1 |
       Dungeon |   8077 |   7657 |    420 |    641 |   5858 |   8 | 1009.6 |
        Temple |    257 |    177 |     80 |      0 |    172 |   1 |  257.0 |
               +--------+--------+--------+--------+--------+-----+--------+

Top non-repeatable levels by time:
     D:7: 1757 daAuts
     D:4: 1361 daAuts
     D:1: 1248 daAuts
     D:2: 974 daAuts
     D:6: 938 daAuts
     D:3: 932 daAuts
     D:5: 824 daAuts
  Temple: 257 daAuts
     D:8: 39 daAuts
